 Dungeon Crawl Stone Soup version 0.31-a0-691-g409c26aa35 (webtiles) character file.

Game seed: 14037995387495493711

1866 LeprechaunX the Changeling (level 9, -1/59 HPs)
             Began as an Octopode Shapeshifter on Sept 6, 2023.
             Slain by Grinder (6 damage)
             ... on level 6 of the Dungeon.
             The game lasted 00:08:38 (5627 turns).

LeprechaunX the Changeling (Octopode Shapeshifter)  Turns: 5627, Time: 00:08:38

Health: -1/59      AC:  1    Str: 17    XL:     9   Next: 13%
Magic:  18/18      EV: 19    Int: 12    God:
Gold:   318        SH:  5    Dex: 12    Spells: 8/8 levels left

rFire   . .          .
                       - Unarmed
rCold   . . .        i - +0 buckler
rNeg    . . .        (helmet currently unavailable)
rPois   .            (no amulet)
rElec   .            m - ring of magical power
rCorr   .            y - +5 ring of evasion
SInv    .            (no ring)
Will    .....        (no ring)
Stlth   ++           (no ring)
HPRegen 0.29/turn    (no ring)
MPRegen 0.16/turn    (no ring)
                     (no ring)

%: no passive effects
@: beast-form
A: beast (slay +3), almost no armour, amphibious, 8 rings, camouflage 1,
gelatinous body 1, (nimble swimmer 1), tentacles
a: Begin Untransformation


You were on level 6 of the Dungeon.
You were a hulking beast.
You visited 1 branch of the dungeon, and saw 6 of its levels.

You collected 318 gold pieces.

Inventory:

Hand Weapons
 a - a +1 sling of freezing
 q - the +8 hammer "Arcanum" {holy, *Slow rN+ Stlth+}
   (You found it on level 2 of the Dungeon)

   rN+:       It protects you from negative energy.
   *Slow:     It may slow you when you take damage.
   Stlth+:    It makes you more stealthy.
Missiles
 l - 11 boomerangs (quivered)
Armour
 i - a +0 buckler (worn)
 k - a +0 kite shield
Jewellery
 m - a ring of magical power (left tentacle)
 y - a +5 ring of evasion (right tentacle)
 z - a ring of willpower
Talismans
 b - a beast talisman (active)
 c - a flux talisman
Wands
 s - a wand of flame (14)
Scrolls
 d - 3 scrolls of teleportation {unknown}
 g - 2 scrolls of amnesia {unknown}
 j - a scroll of immolation {unknown}
 n - a scroll of fear {unknown}
 p - 4 scrolls of identify {unknown}
 u - a scroll of enchant weapon {unknown}
 x - a scroll of enchant armour {unknown}
Potions
 e - 3 potions of heal wounds {unknown}
 f - a potion of mutation {unknown}
 h - a potion of degeneration {unknown}
 o - 2 potions of lignification
 r - a potion of invisibility {unknown}
 t - a potion of brilliance {unknown}
 v - a potion of berserk rage {unknown}
 w - a potion of resistance {unknown}
 A - a potion of ambrosia {unknown}
 B - a potion of curing {unknown}


   Skills:
 + Level 4.7 Fighting
 - Level 3.0 Ranged Weapons
 + Level 5.0 Dodging
 + Level 4.0 Shields
 + Level 5.4 Unarmed Combat
 * Level 6.5 Shapeshifting


You had 8 spell levels left.
You didn't know any spells.
Your spell library contained the following spells:

 Spells                   Type           Power      Damage    Failure   Level
 Freeze                   Ice            0%         1d3       38%         1
 Frozen Ramparts          Ice            0%         1d1       77%         3
 Hailstorm                Conj/Ice       0%         3d3       77%         3
 Leda's Liquefaction      Hex/Erth       0%         N/A       99%         4
 Lee's Rapid Deconstruct  Erth           0%         3d4*      100%        5
 Leda's Unmaking          Conj/Erth      0%         9d1       100%        6


Dungeon Overview and Level Annotations

Branches:
Dungeon (6/15)
 Temple: D:4-7

Altars:
Fedhas
Makhleb
Ru
Vehumet
Wu Jian
Zin

Shops:
D:3 *   D:5 (

Annotations:
D:2 1 runed translucent door, Crazy Yiuf
D:6 Grinder


Innate Abilities, Weirdness & Mutations

You are a hulking beast.
Your limbs bulge with bestial killing power. (Slay +3)
You cannot wear most types of armour.
You are amphibious.
You can wear up to eight rings at the same time.
Your skin changes colour to match your surroundings (Stealth+).
Your rubbery body absorbs attacks. (AC +1, EV +1)
((You are camouflaged when in or above water. (Stealth+)))
You have tentacles for arms and can constrict up to eight enemies at once.


Message History

The sleepcap is heavily damaged.
You constrict the sleepcap. The sleepcap misses you.
The howler monkey barely misses you.
Unknown command.
You tentacle-slap the sleepcap. You squeeze the sleepcap!
You destroy the sleepcap!
The howler monkey closely misses you.
Unknown command.
You bludgeon the howler monkey! You grab the howler monkey.
The howler monkey is severely wounded.
You constrict the howler monkey. The howler monkey hits you.
* * * LOW HITPOINT WARNING * * *
Grinder blinks!
You tentacle-slap the howler monkey.
You kill the howler monkey!
You block Grinder's attack.
Your Shields skill increases to level 4!
Unknown command.
You tentacle-slap Grinder but do no damage.
You grab Grinder. You squeeze Grinder.
Grinder is lightly wounded.
You constrict Grinder. Grinder misses you.
Unknown command.
You tentacle-slap Grinder but do no damage.
You squeeze Grinder!
Grinder is heavily wounded.
You constrict Grinder. Grinder hits you!
* * * LOW HITPOINT WARNING * * *
You writhe in agony.
* * * LOW HITPOINT WARNING * * *
You tentacle-slap Grinder.
Grinder is severely wounded.
You constrict Grinder, but do no damage.
Grinder closely misses you.
Unknown command.
You barely miss Grinder. You squeeze Grinder.
Grinder is severely wounded.
You constrict Grinder. Grinder hits you.
You die...
Grinder says, "Now the real fun starts!"

########## #...[....#
#........# #........##
+.....>...###########
#..........#........#
#...5........).......
#..)h.......[..####.#
......†....#...#..####.#
....###.#.###.###..#...'
... #.#..#...#...##### .
#.#...._.........)
#....#...#........
###.###.###.......
#..#...#...#+#..
.........#.#..


You could see Grinder.

Vanquished Creatures
  Duvessa (D:6)
  2 water moccasins
  An orc warrior (D:6)
  A sky beast (D:6)
  2 black bears
  2 ogres
  2 centaurs
  3 scorpions (D:5)
  Dowan (D:6)
  A howler monkey (D:6)
  A jelly (D:4)
  3 hounds
  An orc priest (D:6)
  A gnoll bouda (D:5)
  3 sleepcaps (D:6)
  An iguana (D:5)
  Natasha (thrice) (D:2)
  Robin (D:2)
  11 adders
  3 gnolls (D:5)
  2 white imps (D:4)
  A worm (D:2)
  6 dart slugs
  3 orcs
  6 bats
  9 endoplasms
  14 goblins
  8 hobgoblins
  3 jackals (D:1)
  9 kobolds
  2 quokkas
  4 ball pythons
  2 frilled lizards (D:1)
  8 rats
121 creatures vanquished.

Notes
Turn   | Place    | Note
-------+----------+-------------------------------------------
     0 | D:1      | LeprechaunX the Octopode Shapeshifter began the quest for
                  | the Orb.
     0 | D:1      | Reached XP level 1. HP: 13/13 MP: 1/1
   143 | D:1      | Reached XP level 2. HP: 11/18 MP: 2/2
   327 | D:1      | Reached XP level 3. HP: 17/23 MP: 3/3
   690 | D:2      | Noticed Natasha
   697 | D:2      | Killed Natasha
   698 | D:2      | Reached XP level 4. HP: 12/29 MP: 4/4
   932 | D:2      | Noticed Natasha
   937 | D:2      | Killed Natasha
   938 | D:2      | Reached skill level 1 in Shields
   938 | D:2      | Reached XP level 5. HP: 34/34 MP: 5/5
  1000 | D:2      | Noticed Robin
  1032 | D:2      | HP: 2/51 [Robin/+0 short sword (2)]
  1037 | D:2      | Killed Robin
  1708 | D:2      | Noticed Natasha
  1726 | D:2      | Killed Natasha
  1727 | D:2      | Reached skill level 4 in Shapeshifting
  1862 | D:2      | Identified the +8 hammer "Arcanum" {holy, *Slow rN+ Stlth+}
  1864 | D:2      | Found a runed translucent door.
  1865 | D:2      | Noticed Crazy Yiuf
  2258 | D:3      | Found Zin's Purification Station.
  2263 | D:3      | Found a glowing silver altar of Zin.
  2840 | D:4      | Reached XP level 6. HP: 38/41 MP: 6/6
  3295 | D:4      | Noticed a black bear
  3298 | D:4      | Found a blossoming altar of Fedhas.
  3322 | D:4      | Killed a black bear
  3359 | D:4      | Reached skill level 1 in Ranged Weapons
  3359 | D:4      | Reached XP level 7. HP: 46/46 MP: 7/7
  3661 | D:4      | Found an ornate altar of the Wu Jian Council.
  3967 | D:5      | Entered Level 5 of the Dungeon
  3975 | D:5      | Found Reof's Weapon Boutique.
  4056 | D:5      | Reached skill level 5 in Shapeshifting
  4123 | D:5      | Reached XP level 8. HP: 36/53 MP: 8/8
  4882 | D:6      | Found a burning altar of Makhleb.
  4913 | D:6      | Noticed Duvessa
  4913 | D:6      | Noticed Dowan
  4924 | D:6      | Killed Duvessa
  4930 | D:6      | Killed Dowan
  4976 | D:6      | Found a radiant altar of Vehumet.
  4996 | D:6      | Reached skill level 5 in Unarmed Combat
  5219 | D:6      | Found a sacrificial altar of Ru.
  5231 | D:6      | Reached skill level 6 in Shapeshifting
  5493 | D:6      | Reached XP level 9. HP: 48/59 MP: 9/9
  5615 | D:6      | Noticed Grinder
  5620 | D:6      | Reached skill level 5 in Dodging
  5627 | D:6      | Slain by Grinder

Illustrated notes

Levels and vault maps discovered:
D:1:      minmay_arrival_checkered_box, layout_basic
D:2:      layout_basic, minmay_surrounded, uniq_robin, uniq_natasha,
          uniq_crazy_yiuf_cottage
D:3:      layout_basic, zin_purify, minmay_misc_feat_square
D:4:      layout_layer_cave, amcnicky_altar_gilded,
          mainiacjoe_overflow_concentric_impassable
D:5:      layout_loops_ring, serial_shops,
          nicolae_shop_competitors_out_of_business
D:6:      layout_basic, vehumet_crystals, makhleb_heckhound_becter,
          mainiacjoe_overflow_tiny_flanked, uniq_grinder, uniq_duvessa

Skill      XL: |  1  2  3  4  5  6  7  8  9 |
---------------+----------------------------+-----
Fighting       | 2 3 4 |  4.7
Shields        | 1 2 3 4 |  4.0
Dodging        | 3 4 5 |  5.0
Shapeshifting  | 4 5 6 |  6.5
Unarmed Combat | 4 5 |  5.4
Ranged Weapons | 1 2 3 |  3.0

Action                     |  1- 3 |  4- 6 |  7- 9 || total
---------------------------+-------+-------+-------++-------
  Melee: Unarmed           |    69 |    98 |   115 ||   282
         Constrict         |    18 |    18 |    26 ||    62
         Tentacles         |    11 |    16 |    41 ||    68
         Punch             |     1 |     4 |     9 ||    14
   Fire: Sling             |       |    26 |    31 ||    57
    Use: Potion            |       |     1 |       ||     1
   Stab: Sleeping          |     3 |     5 |     4 ||    12
         Distracted        |       |       |     1 ||     1
 Armour: Skin              |    20 |    47 |    48 ||   115
  Dodge: Dodged            |    38 |    48 |    64 ||   150
  Block: Buckler           |     1 |    17 |    22 ||    40

Table legend: (Time is in decaauts)
 A = Elapsed time spent in this place.
 B = Non-inter-level travel time spent in this place.
 C = Inter-level travel time spent in this place.
 D = Time resting spent in this place.
 E = Time spent auto-exploring this place.
 F = Levels seen in this place.
 G = Mean time per level.
                   A        B        C        D        E       F      G
               +--------+--------+--------+--------+--------+-----+--------+
         Total |   5644 |   5438 |    206 |    375 |   4176 |   6 |  940.7 |
       Dungeon |   5644 |   5438 |    206 |    375 |   4176 |   6 |  940.7 |
               +--------+--------+--------+--------+--------+-----+--------+

Top non-repeatable levels by time:
     D:2: 1321 daAuts
     D:4: 1209 daAuts
     D:3: 889 daAuts
     D:5: 825 daAuts
     D:6: 801 daAuts
     D:1: 597 daAuts
